 Dungeon Crawl Stone Soup version bcrawl-1.17.3 (webtiles) character file.

Game seed: 4822094627965505189

159505 Gumption the Warrior (level 17, -5/156 HPs)
             Began as a Hill Orc Archaeologist on Oct 19, 2019.
             Was a High Priest of Qazlal.
             Killed from afar by a frost giant (16 damage)
             ... with a bolt of cold
             ... on level 1 of the Depths on Oct 20, 2019.
             The game lasted 04:54:30 (29454 turns).

Gumption the Warrior (Hill Orc Archaeologist)      Turns: 29454, Time: 04:54:31

Health: -5/156     AC: 21    Str: 21    XL:     17   Next: 44%
Magic:  0/26       EV: 13    Int: 14    God:    Qazlal [*****.]
Gold:   1696       SH: 23    Dex:  9    Spells: 16/16 levels left

rFire    + . .     SeeInvis +   a - +8 arc blade {discharge, rElec}
rCold    + + .     Gourm    .   P - +2 shield {rPois}
rNeg     . . .     Faith    .   m - +2 scale mail {MR+}
rPois    +         Spirit   +   v - +2 helmet {SInv}
rElec    +         Reflect  .   q - scarf {Spirit}
rCorr    +         Harm     .   I - +2 pair of gloves
MR       +++..                  W - +1 pair of boots
Stlth    ..........             h - amulet of regeneration
HPRegen  0.76/turn              t - +2 ring of evasion
MPRegen  0.20/turn              X - ring of protection from magic

@: resistant, protected from cold, repel missiles
A: no striking features
}: 1/15 runes: decaying
a: Upheaval, Elemental Force, Disaster Area, Renounce Religion


You were on level 1 of the Depths.
You worshipped Qazlal.
Qazlal was extremely pleased with you.
You were not hungry.

You visited 7 branches of the dungeon, and saw 25 of its levels.
You also visited: Ossuary.

You collected 2419 gold pieces.
You spent 723 gold pieces at shops.

Inventory:

Hand Weapons
 a - the +8 arc blade (weapon) {discharge, rElec}

   It insulates you from electricity.
 b - a +2 hand crossbow of freezing
Missiles
 y - 9 throwing nets {!f}
 O - 679 bolts
 T - 174 tomahawks
 V - 40 javelins (quivered)
Armour
 m - a +2 scale mail of magic resistance (worn)
 q - a scarf of spirit shield (worn)
 r - a +0 large shield
 v - a +2 helmet of see invisible (worn)
 I - a +2 pair of gloves (worn)
 P - a +2 shield of poison resistance (worn)
 W - a +1 pair of boots (worn)
Jewellery
 h - an amulet of regeneration (around neck)
 t - a +2 ring of evasion (left hand)
 X - a ring of protection from magic (right hand)
Wands
 u - a wand of iceblast (4)
 H - a wand of enslavement (3)
 K - a wand of polymorph (8)
 S - a wand of paralysis (18)
 Y - a wand of digging (9)
Scrolls
 f - 4 scrolls of identify
 k - 12 scrolls of remove curse
 l - 3 scrolls of magic mapping
 o - 3 scrolls of fog
 p - 10 scrolls of teleportation
 A - 5 scrolls of immolation
 D - a scroll of fear
 F - 2 scrolls of summoning
 G - 5 scrolls of enchant armour
 L - a scroll of acquirement
Potions
 d - a potion of haste
 g - a potion of flight
 i - 4 potions of ambrosia
 j - 6 potions of lignification
 n - 8 potions of curing
 s - 2 potions of invisibility
 x - a potion of magic
 z - 3 potions of mutation
 B - 3 potions of might
 C - a potion of agility
 E - 4 potions of cancellation
 M - a potion of brilliance
Comestibles
 e - 22 rations {!d}
 J - 18 chunks of flesh


   Skills:
 * Level 15.4 Fighting
   Level 15.4 Short Blades
   Level 15.4 Long Blades
   Level 15.4 Axes
   Level 15.4 Maces & Flails
   Level 15.4 Polearms
   Level 15.4 Staves
 - Level 10.0 Crossbows
 + Level 14.7 Armour
 - Level 4.0 Dodging
 - Level 2.6 Stealth
 * Level 14.8 Shields
   Level 15.4 Unarmed Combat
 - Level 12.0 Invocations
 - Level 8.0 Evocations


You had 16 spell levels left.
You didn't know any spells.
Your spell library contained the following spells:

 Spells                   Type           Power        Failure   Level  Hunger
 Animate Skeleton         Necr           N/A          52%         1    ##.....
 Beastly Appendage        Tmut           #.....       52%         1    ##.....
 Corona                   Hex            #......      52%         1    ##.....
 Magic Dart               Conj           #...         52%         1    ##.....
 Pain                     Necr           #.....       52%         1    ##.....
 Shock                    Conj/Air       #....        52%         1    ##.....
 Sting                    Conj/Pois      #...         52%         1    ##.....
 Ensorcelled Hibernation  Hex/Ice        #.....       67%         2    ###....
 Poisonous Vapours        Pois/Air       #.....       67%         2    ###....
 Searing Ray              Conj           #.....       67%         2    ###....
 Shackle                  Hex            #.......     67%         2    ###....
 Sticks to Snakes         Tmut           #.......     67%         2    ###....
 Swiftness                Chrm/Air       #.......     67%         2    ###....
 Confuse                  Hex            #.......     88%         3    ####...
 Dazzling Spray           Conj/Hex       #.....       88%         3    ####...
 False Image              Hex/Summ       #.......     88%         3    ####...
 Ignite Poison            Fire/Tmut/Pois #.......     88%         3    ####...
 Inner Flame              Hex/Fire       N/A          88%         3    ####...
 Iskenderun's Mystic Bla  Conj           #.......     88%         3    ####...
 Regeneration             Chrm/Necr      #.........   88%         3    ####...
 Spider Form              Tmut/Pois      #..          88%         3    ####...
 Static Discharge         Air            #.......     88%         3    ####...
 Tukima's Dance           Hex            #.......     88%         3    ####...
 Vampiric Draining        Necr           #.........   88%         3    ####...
 Airstrike                Air            #.........   99%         4    #####..
 Animate Dead             Necr           N/A          99%         4    #####..
 Cause Fear               Hex            #.........   99%         4    #####..
 Fulminant Prism          Conj/Hex       #.........   99%         4    #####..
 Ice Form                 Ice/Tmut       #.......     99%         4    #####..
 Olgreb's Toxic Radiance  Pois           #.......     99%         4    #####..
 Summon Scorpions         Summ/Pois      #.......     99%         4    #####..
 Yara's Violent Unravell  Hex/Tmut       #.........   99%         4    #####..
 Blade Hands              Tmut           #.........   100%        5    ######.
 Bolt of Draining         Conj/Necr      #.........   100%        5    ######.
 Irradiate                Conj/Tmut      #.........   100%        5    ######.
 Lightning Bolt           Conj/Air       #.........   100%        5    ######.
 Tree Form                Hex/Tmut       N/A          100%        5    ######.
 Venom Bolt               Conj/Pois      #.........   100%        5    ######.
 Borgnjor's Vile Clutch   Necr/Erth      #.........   100%        6    #######
 Darkness                 Hex            #.........   100%        6    #######
 Infestation              Hex/Tmut/Pois  #........    100%        6    #######
 Shadow Creatures         Summ           N/A          100%        6    #######
 Statue Form              Tmut/Erth      #........    100%        6    #######
 Dragon Form              Tmut           #......      100%        7    #######
 Necromutation            Tmut/Necr      #.......     100%        8    #######
 Time Stop                Chrm/Tloc      N/A          100%        8    #######


Dungeon Overview and Level Annotations

Branches:
Dungeon (12/12)            Temple (1/1) D:6            Lair (6/6) D:9
  Swamp (3/3) Lair:2        Snake (1/3) Lair:2        Slime (0/5) Lair:6
    Orc (1/1) D:8             Elf (0/3) Orc          Vaults (0/3) D:12
 Depths (1/5) D:12

Altars:
Ashenzari
Cheibriados
Dithmenos
Elyvilon
Fedhas
Gozag
Hepliaklqana
Kikubaaqudgha
Lugonu
Makhleb
Nemelex Xobeh
Okawaru
Qazlal
Ru
Sif Muna
Trog
Uskayaw
Vehumet
Wu Jian
Xom
Yredelemnul
Zin
The Shining One
Beogh
Jiyva

Shops:
D:7 [   D:12 %   Orc =(*[   Depths:1 (%!

Portals:
Hell: Depths:1

Annotations:
Snake:1 Jorgrun


Message History

The freezing blast explodes!
The freezing blast engulfs you! You resist.
* * * LOW HITPOINT WARNING * * *
You hear a sizzling sound!
The freezing blast engulfs the frost giant.
The frost giant resists.
You feel much better.
The frost giant is engulfed in blazing flames.
You block the frost giant's attack.
The frost giant is engulfed in blazing flames.
The frost giant gestures at you while chanting.
The bolt of cold is repelled.
The frost giant gestures at you while chanting.
The bolt of cold hits you! You resist.
* * * LOW HITPOINT WARNING * * *
You feel protected.
Your protection from cold is fading.
The frost giant points at you and mumbles some strange words.
The bolt of cold hits the frost giant.
The frost giant resists.
The bolt of cold hits you! You resist.
You die...

# #§##§#.##### ≈≈≈( ..
#§§§.#.# #.# #......#
#.. #.###.C### #..
#....2C# #.. ######.#
#.. #C# ########.. #.#
#.......∩.. #@#
####..........
#.###≈≈≈≈≈≈≈......
#.##≈≈≈≈≈≈≈≈≈.....
#####'#≈≈≈≈≈≈≈≈≈≈≈.)..
#......≈≈≈≈≈≈≈≈≈≈≈....
#......≈≈≈≈≈.≈≈≈≈≈?...
#......≈≈≈≈.∩))≈≈≈....
#......≈≈≈≈≈.≈≈≈≈≈....
#.#####≈≈≈≈≈≈≈≈≈≈≈...#


You could see 3 frost giants and a blizzard demon.

Vanquished Creatures
  Gastronok (Lair:1)
  A lich (Depths:1)
  2 thorn hunters
  A frost giant (Depths:1)
  An ironheart preserver (D:12)
  A stone giant (Depths:1)
  2 spriggan defenders (Depths:1)
  A very ugly thing (Swamp:3)
  A vampire knight (Depths:1)
  2 ettins
  A great orb of eyes (D:12)
  A fire dragon (Depths:1)
  3 ogre magi
  15 hydras
  Harold (D:9)
  Psyche (D:8)
  3 centaur warriors
  2 rakshasas
  A spriggan air mage (Depths:1)
  Erica (Lair:1)
  2 shambling mangroves
  A ghost crab (Swamp:3)
  2 catoblepae
  4 two-headed ogres
  10 alligators
  8 death yaks
  A tengu warrior (D:11)
  Sonja (Lair:6)
  Nergalle (D:9)
  4 skeletal warriors (D:10)
  2 unseen horrors
  10 swamp dragons
  2 spriggan druids (Swamp:2)
  A death drake (Swamp:2)
  3 wizards (Depths:1)
  Pikel (D:4)
  A glowing orange brain (Depths:1)
  A cyclops (D:10)
  4 orc knights
  A mana viper (Snake:1)
  2 orc sorcerers (Orc)
  A manticore (D:12)
  3 ugly things
  A salamander (shapeshifter) (D:12)
  Maurice (D:12)
  8 black mambas
  5 spectral swamp worms (Depths:1)
  17 cane toads
  A rime drake (Lair:4)
  6 komodo dragons
  2 kobold demonologists
  5 yaktaurs
  A queen bee (shapeshifter) (D:11)
  3 ice devils (Depths:1)
  10 polar bears
  2 trolls
  11 tyrant leeches
  A tengu conjurer (Depths:1)
  9 bog bodies
  18 hornets
  A hippogriff (shapeshifter) (Depths:1)
  6 dream sheep
  23 slime creatures
  7 blink frogs
  Grinder (D:4)
  2 hippogriffs
  22 spriggans
  4 shadows
  A wyvern (D:10)
  32 yaks
  Grum (Lair:1)
  4 basilisks
  2 hungry ghosts
  26 vampire mosquitoes
  Edmund (D:5)
  2 acid dragons
  2 wargs (Orc)
  3 nagas (Lair:2)
  12 swamp worms
  11 insubstantial wisps
  6 water moccasins
  6 porcupines
  Duvessa (D:7)
  2 slaves (D:4)
  14 swamp drakes
  3 ice beasts
  18 orc warriors
  3 sky beasts
  10 black bears
  9 ogres
  7 boggarts
  3 eyes of draining
  2 phantoms (D:3)
  22 wolves
  2 centaurs (D:9)
  11 crocodiles
  11 bullfrogs
  13 big kobolds
  The ghost of Polynomdivision the Magician, an amateur GrWz (D:3)
  Dowan (D:7)
  5 scorpions
  10 killer bees
  5 wights (D:5)
  An electric eel (Lair:5)
  6 howler monkeys
  6 crimson imps
  A bullfrog zombie (D:6)
  A quasit (D:10)
  2 jellies
  Crazy Yiuf (D:2)
  4 centaur zombies
  4 hounds
  7 orc priests
  A bullfrog skeleton (D:5)
  4 centaur skeletons
  Jessica (D:2)
  4 iguanas
  24 orc wizards
  10 worker ants
  A big kobold zombie (Ossuary)
  A hound skeleton (D:4)
  4 mummies (Ossuary)
  A worker ant zombie (D:5)
  Robin (D:2)
  15 adders
  5 shadow imps
  2 oozes (D:3)
  An adder skeleton (D:6)
  3 worms
  2 dart slugs
  4 leopard geckos
  37 orcs
  2 ball pythons (D:1)
  3 bats (D:1)
  2 giant cockroaches
  13 goblins
  9 hobgoblins
  6 jackals
  3 quokkas
  3 frilled lizards
  3 gnoll zombies
  2 goblin zombies (Ossuary)
  2 hobgoblin zombies (Ossuary)
  49 kobolds
  9 kobold skeletons (D:8)
  9 kobold zombies (D:8)
  An orc zombie (Ossuary)
  2 rats
  A briar patch (Swamp:2)
  2 fungi
812 creatures vanquished.

Vanquished Creatures (collateral kills)
  the Lernaean hydra (Swamp:3)
  Saint Roka (Orc)
  A hydra (Lair:6)
  An orc high priest (Orc)
  2 cane toads (Lair:6)
  A polar bear (Lair:6)
  3 hornets (Lair:6)
  2 dream sheep (Lair:3)
  3 spriggans (Lair:6)
  A yak (Lair:6)
  A water moccasin (Lair:6)
  2 orc warriors (Orc)
  5 wolves (Lair:6)
  A crocodile (Lair:6)
  An orc (Orc)
26 creatures vanquished.

Vanquished Creatures (others)
  A swamp dragon (Swamp:3)
  A slime creature (Lair:2)
  A blink frog (Swamp:3)
  A slave (D:4)
  A boggart (D:12)
  An orc wizard (Orc)
  2 briar patches (Swamp:2)
  3 fungi
  4 plants
15 creatures vanquished.

Grand Total: 853 creatures vanquished

Notes
Turn   | Place    | Note
-------+----------+-------------------------------------------
     0 | D:1      | Gumption the Hill Orc Archaeologist began the quest for the
                  | Orb.
     0 | D:1      | Reached XP level 1. HP: 15/15 MP: 1/1
    23 | D:1      | Reached skill level 1 in Fighting
   281 | D:1      | Reached XP level 2. HP: 23/23 MP: 2/2
   371 | D:1      | Reached skill level 2 in Fighting
   762 | D:1      | Reached XP level 3. HP: 29/29 MP: 3/3
   858 | D:2      | Noticed Jessica
   874 | D:2      | Killed Jessica
   874 | D:2      | Reached skill level 3 in Fighting
   874 | D:2      | Reached skill level 1 in Armour
  1115 | D:2      | Reached XP level 4. HP: 38/38 MP: 4/4
  1152 | D:2      | Noticed Robin
  1215 | D:2      | Killed Robin
  1353 | D:2      | Found a runed door.
  1575 | D:3      | Reached skill level 4 in Fighting
  1575 | D:3      | Reached XP level 5. HP: 43/46 MP: 5/5
  1629 | D:3      | Found a runed translucent gate.
  1630 | D:3      | Found a runed translucent gate.
  1632 | D:3      | Noticed Polynomdivision's ghost (amateur GrWz)
  1634 | D:3      | Found a runed translucent gate.
  1699 | D:3      | Found a sparkling altar of Nemelex Xobeh.
  1951 | D:3      | Reached skill level 5 in Fighting
  2050 | D:3      | Reached XP level 6. HP: 56/56 MP: 6/6
  2469 | D:4      | Noticed a phantom
  2474 | D:4      | Noticed a phantom
  2524 | D:4      | Found a glowing silver altar of Zin.
  2526 | D:4      | Found a glowing golden altar of the Shining One.
  2527 | D:4      | Found a white marble altar of Elyvilon.
  2599 | D:4      | Reached skill level 6 in Fighting
  2609 | D:4      | Found a sand-covered staircase.
  2613 | Ossuary  | Entered an ossuary
  2959 | Ossuary  | Reached XP level 7. HP: 62/64 MP: 7/7
  3106 | D:4      | Reached skill level 7 in Fighting
  3454 | D:4      | Noticed Pikel
  3461 | D:4      | Killed Pikel
  3461 | D:4      | Reached XP level 8. HP: 67/74 MP: 5/8
  3604 | D:4      | Noticed Grinder
  3616 | D:4      | Killed Grinder
  3616 | D:4      | Reached skill level 8 in Fighting
  4126 | D:2      | Noticed Crazy Yiuf
  4131 | D:2      | Killed Crazy Yiuf
  4192 | D:3      | Killed Polynomdivision's ghost
  4259 | D:5      | Entered Level 5 of the Dungeon
  4298 | D:5      | Found a basalt altar of Yredelemnul.
  4345 | D:5      | Reached XP level 9. HP: 82/82 MP: 9/9
  4555 | D:5      | Found a snail-covered altar of Cheibriados.
  4556 | D:5      | Found a hide-covered altar of Uskayaw.
  4690 | D:5      | Noticed Edmund
  4742 | D:5      | Killed Edmund
  5329 | D:6      | Reached skill level 9 in Fighting
  5386 | D:6      | Found a staircase to the Ecumenical Temple.
  5405 | Temple   | Entered the Ecumenical Temple
  5492 | Temple   | Became a worshipper of Qazlal Stormbringer
  5543 | D:6      | Found Cauferom's Distillery.
  5754 | D:6      | Noticed a troll
  5759 | D:6      | Killed a troll
  5759 | D:6      | Reached skill level 1 in Invocations
  6108 | D:7      | Noticed an orc knight
  6124 | D:7      | Killed an orc knight
  6124 | D:7      | Reached XP level 10. HP: 43/93 MP: 4/12
  6262 | D:7      | Reached skill level 10 in Armour
  6270 | D:7      | Reached * piety under Qazlal
  6611 | D:7      | Found Varph's Antique Armour Shop.
  6614 | D:7      | Bought a buckler for 103 gold pieces
  6619 | D:7      | Bought a pair of runed gloves for 172 gold pieces
  6709 | D:7      | Reached skill level 10 in Fighting
  6873 | D:7      | Reached skill level 1 in Shields
  7007 | D:7      | Noticed Duvessa
  7007 | D:7      | Noticed Dowan
  7017 | D:7      | Killed Duvessa
  7017 | D:7      | Killed Dowan
  7134 | D:8      | Found a hazy altar of Hepliaklqana.
  7144 | D:8      | Noticed Psyche
  7155 | D:8      | Killed Psyche
  7155 | D:8      | Reached skill level 5 in Invocations
  7409 | D:8      | Found an ornate altar of the Wu Jian Council.
  7503 | D:8      | Found a staircase to the Orcish Mines.
  7896 | D:8      | Reached ** piety under Qazlal
  7959 | D:8      | Found an ancient bone altar of Kikubaaqudgha.
  7959 | D:8      | Noticed a kobold demonologist
  7963 | D:8      | Noticed a rust devil
  7976 | D:8      | Killed a kobold demonologist
  7976 | D:8      | Reached XP level 11. HP: 85/101 MP: 12/15
  8057 | D:8      | Reached *** piety under Qazlal
  8302 | D:8      | Found a shattered altar of Ashenzari.
  8303 | D:8      | Found a corrupted altar of Lugonu.
  8565 | D:9      | Noticed Nergalle
  8588 | D:9      | Killed Nergalle
  8623 | D:9      | Found a staircase to the Lair.
  8912 | D:9      | Reached skill level 1 in Crossbows
  9019 | D:9      | Reached **** piety under Qazlal
  9076 | D:9      | Reached skill level 11 in Fighting
  9096 | D:9      | Noticed Harold
  9141 | D:9      | Killed Harold
  9772 | D:10     | Entered Level 10 of the Dungeon
  9962 | D:10     | Noticed a cyclops
  9978 | D:10     | Killed a cyclops
 10090 | D:10     | Reached skill level 5 in Shields
 10215 | D:10     | Noticed a skeletal warrior
 10215 | D:10     | Noticed a skeletal warrior
 10215 | D:10     | Noticed a skeletal warrior
 10217 | D:10     | Noticed a skeletal warrior
 10242 | D:10     | Killed a skeletal warrior
 10248 | D:10     | Killed a skeletal warrior
 10266 | D:10     | Killed a skeletal warrior
 10266 | D:10     | Reached XP level 12. HP: 78/110 MP: 16/18
 11114 | Orc      | Entered the Orcish Mines
 11177 | Lair:1   | Entered Level 1 of the Lair of Beasts
 11430 | Lair:1   | Reached skill level 12 in Fighting
 11463 | Lair:1   | Reached ***** piety under Qazlal
 11592 | Lair:1   | Noticed Gastronok
 11620 | Lair:1   | Killed Gastronok
 11620 | Lair:1   | Reached skill level 5 in Crossbows
 11889 | Lair:1   | Noticed Grum
 11901 | Lair:1   | Killed Grum
 11997 | Lair:1   | Reached XP level 13. HP: 119/119 MP: 19/19
 12052 | Lair:1   | Noticed Erica
 12061 | Lair:1   | Killed Erica
 12796 | Lair:2   | Found a staircase to the Snake Pit.
 12824 | Lair:2   | Found a staircase to the Swamp.
 13257 | Lair:3   | Reached skill level 1 in Evocations
 14695 | Lair:4   | Reached skill level 13 in Fighting
 15317 | Lair:5   | Reached skill level 10 in Shields
 15343 | Lair:5   | Reached XP level 14. HP: 129/129 MP: 20/20
 16218 | Lair:6   | Entered Level 6 of the Lair of Beasts
 16392 | Lair:6   | Noticed Sonja
 16634 | Lair:6   | Killed Sonja
 17238 | Lair:6   | Reached skill level 10 in Invocations
 17785 | Lair:6   | Found a viscous altar of Jiyva.
 17786 | Lair:6   | Found a staircase to the Slime Pits.
 18432 | Orc      | Found a staircase to the Elven Halls.
 18788 | Orc      | Noticed Saint Roka
 19180 | Orc      | Killed Saint Roka
 19180 | Orc      | Reached skill level 5 in Evocations
 19180 | Orc      | Reached XP level 15. HP: 103/137 MP: 13/22
 19399 | Orc      | Found a roughly hewn altar of Beogh.
 19489 | Orc      | Found Xaifi's Antique Armour Shop.
 19504 | Orc      | Found Olonif's General Store.
 19511 | Orc      | Bought a scroll of identify for 28 gold pieces
 19522 | Orc      | Found Unlirio's Antique Weapon Shop.
 19539 | Orc      | Found Ujibbai's Jewellery Shop.
 19548 | Orc      | Bought an uncursed amulet of regeneration for 420 gold
                  | pieces
 19904 | Swamp:1  | Entered Level 1 of the Swamp
 20532 | Swamp:1  | Reached skill level 14 in Fighting
 22315 | Swamp:2  | Noticed a thorn hunter
 22524 | Swamp:1  | Killed a thorn hunter
 23390 | Swamp:3  | Entered Level 3 of the Swamp
 23592 | Swamp:3  | Reached XP level 16. HP: 135/147 MP: 21/24
 24076 | Swamp:3  | Noticed a thorn hunter
 24086 | Swamp:3  | Killed a thorn hunter
 24090 | Swamp:3  | Noticed the 27-headed Lernaean hydra
 24348 | Swamp:3  | Killed the 27-headed Lernaean hydra
 24741 | Swamp:3  | Got a decaying rune of Zot
 25015 | Snake:1  | Entered Level 1 of the Snake Pit
 25024 | Snake:1  | Noticed Jorgrun
 27228 | D:12     | Entered Level 12 of the Dungeon
 27489 | D:12     | Noticed Maurice
 27506 | D:12     | Killed Maurice
 27659 | D:12     | Found a gate to the Vaults.
 27800 | D:12     | Reached skill level 15 in Fighting
 27804 | D:12     | Identified a scroll of acquirement
 27883 | D:12     | Found Giar's Armour Shoppe.
 27952 | D:12     | Reached XP level 17. HP: 156/156 MP: 26/26
 28008 | D:12     | Identified the +2 helmet of Cowardice {rElec Int+5}
 28086 | D:12     | Found a staircase to the Depths.
 28180 | D:12     | Found Wilah's Food Shop.
 28313 | Depths:1 | Entered Level 1 of the Depths
 28848 | Depths:1 | Found a gateway to Hell.
 29146 | Depths:1 | Found Voymaw's Weapon Shoppe.
 29198 | Depths:1 | Found Quadaff's Distillery.
 29222 | Depths:1 | Reached skill level 10 in Crossbows
 29313 | Depths:1 | Found Jypitil's Food Boutique.
 29344 | Depths:1 | Noticed a lich
 29360 | Depths:1 | Killed a lich
 29454 | Depths:1 | Killed from afar by a frost giant

Skill      XL: |  1  2  3  4  5  6  7  8  9 10 11 12 13 14 15 16 17 |
---------------+----------------------------------------------------+-----
Fighting       | 1 2 3 4 5 6 7 8 9 10 11 12 13 14 15 | 15.4
Armour         | 1 2 3 6 7 9 10 11 12 13 14 | 14.7
Invocations    | 3 6 8 9 10 11 12 | 12.0
Shields        | 3 5 8 10 11 12 14 | 14.8
Crossbows      | 3 5 6 7 8 9 10 | 10.0
Dodging        | 3 4 |  4.0
Evocations     | 2 5 6 7 8 |  8.0
Short Blades   | | 15.4
Long Blades    | | 15.4
Axes           | | 15.4
Maces & Flails | | 15.4
Polearms       | | 15.4
Staves         | | 15.4
Stealth        | |  2.6
Unarmed Combat | | 15.4

Action                   |  1- 3 |  4- 6 |  7- 9 | 10-12 | 13-15 | 16-18 || total
-------------------------+-------+-------+-------+-------+-------+-------++-------
Melee: Whip              |    86 |    53 |       |       |       |       ||   139
       Spear             |       |   214 |       |       |       |       ||   214
       Punch             |       |     3 |     4 |     1 |       |       ||     8
       Trident           |       |    47 |       |       |       |       ||    47
       Rapier            |       |    15 |   190 |   497 |   994 |   584 ||  2280
 Fire: Blowgun           |       |       |       |    59 |       |       ||    59
       Hand crossbow     |       |       |       |    26 |   371 |   262 ||   659
Throw: Stone             |    39 |    39 |    54 |    74 |       |       ||   206
       Tomahawk          |       |       |       |    13 |    90 |       ||   103
       Javelin           |       |       |       |       |     5 |    27 ||    32
Invok: Upheaval          |       |       |       |     1 |     3 |     2 ||     6
       Elemental Force   |       |       |       |       |    15 |     2 ||    17
Evoke: Wand              |       |       |       |       |       |     1 ||     1
  Use: Scroll            |       |     8 |     7 |     5 |    10 |     7 ||    37
       Potion            |       |       |       |     1 |     7 |     5 ||    13
 Stab: Sleeping          |     1 |       |       |       |       |       ||     1
       Petrified         |       |       |       |       |     1 |       ||     1
  Eat: Chunk             |     1 |     4 |     8 |    16 |    18 |     3 ||    50
       Ration            |       |     1 |       |     2 |     6 |     4 ||    13
Armor: Robe              |    20 |       |       |       |       |       ||    20
       Scale mail        |    15 |   120 |    47 |   119 |   233 |    31 ||   565
       Swamp dragon scal |       |       |       |       |       |   114 ||   114
Dodge: Dodged            |    40 |   109 |    67 |   105 |   264 |   170 ||   755
       Deflected         |       |       |       |     7 |    14 |    21 ||    42
Block: Buckler           |       |       |       |    60 |       |       ||    60
       Shield            |       |       |       |   125 |   641 |   418 ||  1184
